 Dungeon Crawl Stone Soup version 0.19-a0-172-g3b1235c (webtiles) character file.

4 Duffy the Sneak (level 1, 0/9 HPs)
             Began as a Spriggan Enchanter on May 22, 2016.
             Slain by a ball python (2 damage)
             ... on level 1 of the Dungeon.
             The game lasted 00:00:18 (92 turns).

Duffy the Sneak (Spriggan Enchanter)                  Turns: 92, Time: 00:00:19

Health: 0/9        AC:  3    Str:  4    XL:     1   Next: 58%
Magic:  5/5        EV: 15    Int: 16    God:
Gold:   0          SH:  0    Dex: 16    Spells: 1 memorised, 4 levels left

rFire  . . .     SeeInvis +     a - +1 dagger
rCold  . . .     Gourm    .     b - +1 robe
rNeg   . . .     Faith    .     (shield restricted)
rPois  .         Spirit   .     (helmet restricted)
rElec  .         Dismiss  .     (no cloak)
rCorr  .         Reflect  .     (gloves unavailable)
SustAt .         Harm     .     (boots unavailable)
MR     .....                    (no amulet)
Stlth  +++.......               (no ring)
                                (no ring)

@: constricted, very quick, not resistant to hostile enchantments, fairly
stealthy
A: unfitting armour, see invisible, herbivore 3, speed 3, slow metabolism 2
a: no special abilities


You were on level 1 of the Dungeon.
You were not hungry.

You visited 1 branch of the dungeon, and saw 1 of its levels.


Innate Abilities, Weirdness & Mutations

You are tiny and cannot use many weapons and most armour.
You have supernaturally acute eyesight.
You are a herbivore.
You cover ground extremely quickly.
You need consume almost no food.


   Skills:
 + Level 1.4 Short Blades
 - Level 3.0 Dodging
 + Level 4.7 Stealth
 - Level 2.6 Spellcasting
 - Level 3.6 Hexes


You had 4 spell levels left.
You knew the following spells:

 Your Spells              Type           Power        Failure   Level  Hunger
r - Corona                Hex            ##.....      6%          1    #......

Inventory:

Hand Weapons
 a - a +1 dagger (weapon)
Armour
 b - a +1 robe (worn)
Potions
 e - 2 potions of heal wounds {unknown}
Books
 c - a book of Maledictions
Comestibles
 d - a bread ration

Dungeon Overview and Level Annotations

Branches:
Dungeon (1/15)

Altars:


Message History

The bat closely misses you. x2
You hit the bat.
The bat is severely wounded.
The bat closely misses you.
You hit the bat.
You kill the bat!
You closely miss the ball python.
The ball python is heavily wounded.
The ball python bites you but does no damage.
The ball python misses you.
You barely miss the ball python.
The ball python is heavily wounded.
The ball python closely misses you. The ball python completely misses you.
The ball python bites you. The ball python closely misses you.
You closely miss the ball python.
The ball python is heavily wounded.
The ball python bites you. The ball python misses you.
You are too injured to fight recklessly!
You are too injured to fight recklessly!
You are too injured to fight recklessly!
You are too injured to fight recklessly!
You are too injured to fight recklessly!
You are too injured to fight recklessly!
You are too injured to fight recklessly!
You are too injured to fight recklessly!
You are too injured to fight recklessly!
You are too injured to fight recklessly!
You are too injured to fight recklessly!
You are too injured to fight recklessly!
You are too injured to fight recklessly!
You are too injured to fight recklessly!
You are too injured to fight recklessly!
You are too injured to fight recklessly!
You hit the ball python but do no damage.
The ball python is heavily wounded.
The ball python misses you. The ball python closely misses you.
You hit the ball python.
The ball python is severely wounded.
The ball python bites you but does no damage.
The ball python grabs you. The ball python constricts you.
You closely miss the ball python.
The ball python is severely wounded.
The ball python completely misses you. The ball python constricts you.
You barely miss the ball python.
The ball python is severely wounded.
The ball python bites you. The ball python constricts you.
You completely miss the ball python.
The ball python is severely wounded.
The ball python bites you.
You die...

#....###.#
#....%.# #.##
###....# #..#
##...# ##.###
#..## #...## ###
#....# # ##.###
#.#
#.############....
#....@Sg..........
########..........
#..........
#........>.
#..........
#..........
#..........
#..........
#..........


You could see a goblin and a ball python.

Action                   || total
-------------------------++-------
Melee: Dagger            ||    19
 Stab: Sleeping          ||     3
Armor: Robe              ||     3
Dodge: Dodged            ||    26

Notes
Turn   | Place    | Note
--------------------------------------------------------------
     0 | D:1      | Duffy the Spriggan Enchanter began the quest for the Orb.
     0 | D:1      | Reached XP level 1. HP: 9/9 MP: 5/5
    92 | D:1      | Slain by a ball python

Vault maps used:
D:1:      dpeg_arrival_arbitrary_a, minmay_liquid_box, nemelex_deck

Vanquished Creatures
  A ball python
  A bat
  A giant cockroach
  A rat
4 creatures vanquished.
